Map: Curious Minds LE

Players

zacarizac

  • Race: Zerg Zerg
  • League: Diamond
  • Spawn Location: 11:00

Pumba - Winner!

  • Race: Protoss Protoss
  • League: Diamond
  • Spawn Location: 5:00

VOD

Have the link to the VOD?

Description

Time

  • Played on: March 8, 2022, 7:58 p.m.
  • Length: 12:32
Show
View Real Time Build Order
Export as new Build Order

zacarizac Zerg 

Build Orders: Pool First, Roach Hydra 

Get SALT Encoding   

  12  0:02  Drone  
  13  0:15  Overlord  
  13  0:22  Drone  
  14  0:35  Drone x2  
  16  0:42  Drone  
  17  0:50  Spawning Pool  
  16  0:59  Drone  
  17  1:09  Hatchery  
  16  1:18  Extractor  
  15  1:21  Drone x3  
  18  1:34  Drone  
  19  1:40  Queen  
  19  1:44  Overlord  
  21  2:00  Drone  
  22  2:05  Drone  
  23  2:15  Queen  
  23  2:19  Metabolic Boost  
  23  2:22  Drone  
  26  2:29  Hatchery  
  25  2:35  Zergling x4  
  27  2:43  Drone x2  
  29  2:58  Spore Crawler  
  29  3:11  Queen x2  
  33  3:13  Overlord  
  33  3:21  Drone  
  33  3:22  Drone x2  
  36  3:37  Drone  
  36  3:38  Drone x3  
  36  3:39  Overlord  
  40  3:50  Queen  
  40  3:52  Drone x2  
  40  3:53  Drone  
  40  3:54  Drone x3  
  40  3:55  Overlord  
  48  4:07  Drone x2  
  48  4:08  Drone, Extractor x2  
  49  4:16  Evolution Chamber  
  48  4:17  Roach Warren  
  48  4:23  Drone x2  
  48  4:24  Drone x4  
  52  4:28  Zergling x2  
  52  4:29  Zergling x6  
  57  4:40  Zergling x10  
  57  4:42  Lair  
  57  4:45  Overlord  
  62  4:52  Spore Crawler x2  
  60  5:08  Spore Crawler  
  60  5:12  Roach  
  60  5:13  Roach x6  
  73  5:15  Overlord  
  73  5:16  Overlord  
  65  5:34  Zerg Missile Weapons Level 1  
  65  5:38  Drone x3  
  65  5:39  Drone x3  
  65  5:40  Queen x2  
  75  5:44  Queen  
  77  5:52  Hydralisk Den, Drone x2  
  77  5:54  Drone  
  79  6:06  Glial Reconstitution  
  79  6:11  Drone x8  
  80  6:13  Overlord  
  87  6:31  Muscular Augments  
  83  6:40  Hatchery  
  81  6:50  Drone x3  
  81  6:54  Extractor  
  83  6:55  Drone x2  
  83  6:56  Drone x2  
  83  6:58  Overlord x4  
  87  7:04  Evolution Chamber  
  87  7:06  Drone x3  
  87  7:08  Extractor, Overlord x4  
  88  7:23  Infestation Pit, Drone x4  
  88  7:24  Extractor  
  88  7:27  Drone  
  88  7:28  Drone x2  
  93  7:31  Hydralisk  
  93  7:32  Hydralisk x5  
  105  7:37  Zerg Ground Armor Level 1  
  105  7:38  Zerg Missile Weapons Level 2  
  105  7:40  Overseer  
  105  7:42  Grooved Spines  
  105  8:00  Drone x3  
  105  8:01  Hydralisk x6, Drone  
  105  8:04  Drone  
  105  8:05  Drone x3  
  125  8:10  Hive  
  125  8:25  Hydralisk, Drone x2  
  125  8:26  Hydralisk x5  
  137  9:02  Hatchery, Roach x4  
  146  9:03  Roach x2, Overlord  
  146  9:04  Overlord x3  
  146  9:09  Spire  
  146  9:14  Zergling x2  
  146  9:22  Roach  
  146  9:23  Roach x15  
  178  9:31  Zerg Ground Armor Level 2  
  178  9:36  Viper  
  181  9:40  Extractor x2  
  181  9:42  Overlord x2  
  175  9:54  Roach x8  
  147  10:19  Hydralisk x7  
  147  10:20  Hydralisk x2  
  131  10:22  Zergling x2  
  131  10:23  Zergling x16  
  123  10:34  Hydralisk  
  123  10:35  Hydralisk x3  
Show
View Real Time Build Order
Export as new Build Order

Pumba Protoss - Winner!

Build Orders: 1 Gate Expand, Archon Immortal, Archon Drop, Dark Templar Rush 

Get SALT Encoding   

  12  0:01  Probe  
  13  0:13  Probe  
  14  0:20  Pylon  
  14  0:25  Probe  
  15  0:38  Probe (Chrono Boost)  
  15  0:42  Gateway  
  16  0:46  Assimilator  
  17  0:50  Probe (Chrono Boost)  
  17  0:55  Probe (Chrono Boost)  
  18  1:04  Probe  
  19  1:16  Probe  
  20  1:25  Nexus  
  20  1:34  Cybernetics Core  
  20  1:41  Probe  
  20  1:47  Assimilator  
  21  1:52  Pylon  
  21  1:53  Probe  
  22  2:05  Probe  
  23  2:10  Adept (Chrono Boost)  
  23  2:13  Warp Gate  
  25  2:17  Probe  
  26  2:27  Twilight Council  
  27  2:31  Probe (Chrono Boost)  
  27  2:33  Stalker (Chrono Boost)  
  29  2:38  Probe (Chrono Boost)  
  31  2:47  Probe (Chrono Boost)  
  31  2:48  Probe (Chrono Boost)  
  32  2:53  Probe (Chrono Boost)  
  32  2:54  Probe  
  34  3:06  Probe  
  34  3:09  Dark Shrine  
  35  3:14  Probe  
  35  3:18  Probe  
  35  3:23  Robotics Facility  
  35  3:27  Gateway  
  35  3:29  Gateway  
  35  3:30  Gateway  
  35  3:34  Probe x2  
  37  3:37  Shield Battery  
  37  3:46  Probe  
  38  3:57  Shield Battery  
  38  3:58  Probe x2  
  38  4:02  Pylon  
  40  4:06  Adept  
  40  4:07  Warp Prism (Chrono Boost)  
  42  4:10  Probe  
  42  4:12  Assimilator  
  42  4:13  Probe  
  42  4:14  Assimilator  
  46  4:19  Pylon  
  46  4:23  Pylon  
  46  4:24  Probe  
  46  4:25  Probe  
  48  4:48  Nexus  
  48  4:56  Dark Templar  
  48  4:57  Dark Templar x3  
  56  5:10  Probe x2  
  56  5:13  Pylon  
  58  5:14  Pylon  
  58  5:16  Pylon  
  58  5:22  Probe  
  59  5:32  Probe  
  59  5:34  Probe  
  62  5:36  Observer (Chrono Boost)  
  62  5:41  Robotics Facility  
  62  5:43  Charge, Forge  
  62  5:45  Sentry x3  
  62  5:47  Zealot  
  62  5:48  Probe x2  
  72  5:51  Archon  
  72  5:52  Archon  
  72  6:03  Probe x2 (Chrono Boost)  
  74  6:06  Probe (Chrono Boost)  
  75  6:13  Protoss Ground Weapons Level 1 (Chrono Boost)  
  75  6:14  Shield Battery  
  75  6:16  Probe (Chrono Boost)  
  75  6:17  Immortal (Chrono Boost), Probe x2 (Chrono Boost)  
  78  6:25  Probe x2  
  84  6:46  Zealot x2  
  88  6:47  Probe  
  88  6:52  Immortal x2  
  88  6:53  Gateway  
  97  6:55  Gateway x2, Pylon  
  97  6:56  Gateway  
  97  6:57  Pylon  
  97  7:00  Pylon  
  97  7:18  Probe  
  97  7:19  Probe  
  97  7:21  Assimilator  
  99  7:23  Probe  
  99  7:26  Templar Archives, Assimilator  
  100  7:31  Probe x2  
  100  7:36  Observer, Immortal  
  107  7:50  Probe x2  
  109  7:56  Psionic Storm  
  109  7:57  Immortal  
  113  7:59  Zealot  
  113  8:00  Zealot x5  
  125  8:08  Pylon  
  125  8:10  Pylon  
  125  8:11  Pylon  
  125  8:13  Protoss Ground Weapons Level 2 (Chrono Boost), Pylon  
  125  8:20  Pylon  
  125  8:26  Probe  
  126  8:35  High Templar x6  
  126  8:37  Zealot x2  
  142  8:44  Immortal  
  142  8:56  Nexus  
  142  8:57  Pylon  
  142  8:58  High Templar  
  142  8:59  Zealot, Pylon  
  145  9:08  High Templar  
  145  9:09  Zealot x5  
  155  9:15  Archon  
  153  9:26  Immortal x2  
  161  9:37  Pylon  
  161  9:39  Pylon  
  161  9:41  Photon Cannon, Pylon  
  161  9:42  Zealot  
  161  9:43  Zealot x6  
  161  9:44  Photon Cannon  
  175  9:46  Photon Cannon  
  175  9:47  Shield Battery  
  175  9:50  Shield Battery  
  129  10:29  Protoss Ground Armor Level 1 (Chrono Boost)  
  129  10:30  Archon x2  
  129  10:35  Zealot x8  
  135  10:37  Immortal x2  
  137  10:50  Probe x3, Gateway  
  137  10:51  Gateway x2  
  137  10:53  Gateway  
  137  11:01  Forge  
  137  11:12  High Templar x8  
  137  11:25  Archon  
  137  11:26  Immortal (Chrono Boost)  
  137  11:35  Immortal (Chrono Boost)  
  137  11:55  Immortal (Chrono Boost)  
Tags
 
Add a new tag
Caveats
  • Supply blocks, unpowered buildings, or Contaminate may cause inaccurate times.
  • Supply counts are checked every 10 seconds.